 Dungeon Crawl Stone Soup version 0.31-a0-799-g6bc09d010c (webtiles) character file.

Game seed: 5816946289828514852

488 cforsyth the Trooper (level 7, -12/55 HPs)
             Began as a Djinni Delver on Sept 19, 2023.
             Killed by divine providence
             ... invoked by an orc priest
              (15 damage)
             ... on level 5 of the Dungeon.
             The game lasted 00:05:51 (2604 turns).

cforsyth the Trooper (Djinni Delver)                Turns: 2604, Time: 00:05:51

Health: -12/55     AC:  6    Str: 11    XL:     7   Next: 36%
Gold:   126        EV: 11    Int: 19    God:
                   SH:  0    Dex: 12

rFire   + + .        a - +1 falchion
rCold   x . .        (no shield)
rNeg    . . .        h - +3 leather armour of Inonar {Int+5 Dex-2 SInv}
rPois   ∞            (no helmet)
rElec   .            (no cloak)
rCorr   .            (no gloves)
SInv    +            (boots unavailable)
Will    .....        (no amulet)
Stlth   ++           (no ring)
HPRegen 0.29/turn    (no ring)
MPRegen 0.00/turn

%: infuse magic (-13 HP)
@: flying, hasted, very quick
A: sickness immunity, fire resistance 2, cold vulnerability 1, float, innate
caster, HP casting, extra vitality 1
a: no special abilities


You were on level 5 of the Dungeon.
You visited 1 branch of the dungeon, and saw 2 of its levels.

You collected 126 gold pieces.

Inventory:

Hand Weapons
 a - a +1 falchion (weapon)
Armour
 b - a +0 leather armour
 h - the +3 leather armour of Inonar (worn) {Int+5 Dex-2 SInv}
   (You found it on level 5 of the Dungeon)

   Int+5:     It affects your intelligence (+5).
   Dex-2:     It affects your dexterity (-2).
   SInv:      It lets you see invisible.
Wands
 g - a wand of digging (3)
Scrolls
 c - a scroll of fog
 d - a scroll of revelation
 e - 2 scrolls of enchant weapon


   Skills:
 + Level 5.9 Fighting
 - Level 1.7 Long Blades
 - Level 2.1 Dodging
 - Level 4.1 Stealth
 + Level 3.5 Spellcasting
 + Level 3.5 Conjurations
 + Level 3.5 Hexes
   Level 0.0 Charms
 + Level 3.5 Summonings
 + Level 3.5 Necromancy
 + Level 3.5 Translocations
 + Level 3.5 Transmutations
 + Level 3.5 Fire Magic
 + Level 3.5 Ice Magic
 + Level 3.5 Air Magic
 + Level 3.5 Earth Magic
 + Level 3.5 Poison Magic


You knew the following spells:

 Your Spells              Type           Power      Damage    Failure   Level
a - Shock                 Conj/Air       64%        1d7       4%          1
b - Momentum Strike       Conj/Tloc      32%        3d8       7%          2
c - Ignite Poison         Fire/Tmut/Pois 16%        N/A       13%         3
Your spell library was empty.

Dungeon Overview and Level Annotations

Branches:
Dungeon (5/15)
 Temple: D:4-7

Altars:


Innate Abilities, Weirdness & Mutations

You are immune to sickness and miasma.
You are immune to poison.
Your flesh is very heat resistant. (rF++)
You are vulnerable to cold. (rC-)
You float through the air rather than walking.
You learn spells naturally, not from books.
Your magical power is your life essence.
You have superior vitality. (+4 MHP)


Message History

The orc hits you but does no damage.
There is a large open door here.
The goblin attacks as it pursues you! The goblin closely misses you.
The orc priest looks encouraged for a moment.
The orc hits you but does no damage.
As you read the scroll labelled JOCSUTHR FORO, it crumbles to dust.
It is a scroll of identify.
You don't currently have any unidentified items.
The goblin barely misses you. The orc hits you with a +0 dagger.
As you read the scroll of fog, it dissolves into smoke.
The orc hits you but does no damage. The goblin hits you with a +0 club.
* * * LOW HITPOINT WARNING * * *
You see here a +0 club.
The goblin hits you with a +0 club.
* * * LOW HITPOINT WARNING * * *
Things that are here:
a +0 club; a +0 sling; a +0 sling The goblin attacks as it pursues you!
The goblin misses you.
The orc priest calls down the wrath of Beogh upon you.
Beogh smites you!
* * * LOW HITPOINT WARNING * * *
The hobgoblin closely misses you. The goblin hits you but does no damage.
The orc attacks as it pursues you! The orc hits you but does no damage.
The hobgoblin attacks as it pursues you!
The hobgoblin hits you but does no damage.
The goblin attacks as it pursues you! The goblin closely misses you.
The hobgoblin attacks as it pursues you!
The hobgoblin hits you but does no damage.
The goblin completely misses you.
You feel yourself speed up.
The hobgoblin hits you but does no damage.
The orc priest attacks as it pursues you!
The orc priest hits you with a +0 club.
* * * LOW HITPOINT WARNING * * *
Things that are here:
a +0 club; a +0 club; a +0 club The orc priest mumbles some strange prayers to Beogh against you.
Beogh smites you!
You die...

≈≈≈≈≈≈~≈~~§§g§.~≈≈≈≈≈~~≈≈≈≈≈≈≈≈≈≈
≈≈~≈~~~~≈..)§§~~~~~~≈~~≈~≈~~≈~~~≈
~~~..~.~~~...)g~...~~~~.~~~~~.~.~
.................................
............g..og................
##...###########go..####)..##....
##....#### ##)#######........
###.##....## ###.##...)....#....
......###..####.@.#..#####.......
####.....#..##..###.### #..#....
#.###........).....####..##...
#.# ##.............##.....##..
#.####.....<.......##.###.####
#......###)........##.# #..#..
####....#.#.).........##.# ##.#.[
.##..##.#.#.#####..#####.# #.#..
....###.#.#)# ##....#######.#..


You could see an orc priest.

Vanquished Creatures
  3 scorpions (D:5)
  2 hounds (D:5)
  2 orc wizards (D:5)
  11 gnolls (D:5)
  2 adders (D:5)
  2 white imps (D:5)
  An orc (D:5)
  26 goblins (D:5)
  18 hobgoblins (D:5)
  3 kobolds (D:5)
70 creatures vanquished.

Notes
Turn   | Place    | Note
-------+----------+-------------------------------------------
     0 | D:5      | cforsyth the Djinni Delver began the quest for the Orb.
     0 | D:5      | Reached XP level 1. HP: 20/20 MP: 0/0
    23 | D:5      | Noticed a scorpion
    30 | D:5      | Killed a scorpion
    31 | D:5      | Reached skill level 1 in Spellcasting
    31 | D:5      | Reached skill level 1 in Conjurations
    31 | D:5      | Reached skill level 1 in Hexes
    31 | D:5      | Reached skill level 1 in Summonings
    31 | D:5      | Reached skill level 1 in Necromancy
    31 | D:5      | Reached skill level 1 in Translocations
    31 | D:5      | Reached skill level 1 in Transmutations
    31 | D:5      | Reached skill level 1 in Fire Magic
    31 | D:5      | Reached skill level 1 in Ice Magic
    31 | D:5      | Reached skill level 1 in Air Magic
    31 | D:5      | Reached skill level 1 in Earth Magic
    31 | D:5      | Reached skill level 1 in Poison Magic
    31 | D:5      | Reached XP level 2. HP: 13/26 MP: 0/0
    31 | D:5      | Reached XP level 3. HP: 16/31 MP: 0/0
    31 | D:5      | Learned a level 1 spell: Shock
    31 | D:5      | Reached XP level 4. HP: 19/37 MP: 0/0
   145 | D:5      | Reached skill level 4 in Fighting
   425 | D:5      | Reached XP level 5. HP: 5/42 MP: 0/0
   425 | D:5      | Learned a level 2 spell: Momentum Strike
   676 | D:5      | Identified the +3 leather armour of Inonar {Int+5 Dex-2
                  | SInv}
  1358 | D:5      | Reached skill level 5 in Fighting
  1358 | D:5      | Reached XP level 6. HP: 48/49 MP: 0/0
  1860 | D:5      | Reached XP level 7. HP: 41/54 MP: 0/0
  1860 | D:5      | Learned a level 3 spell: Ignite Poison
  2596 | D:5      | HP: 2/55 [orc priest/divine providence (11)]
  2604 | D:5      | Killed from afar by an orc priest

Illustrated notes

Levels and vault maps discovered:
D:4:      layout_rooms, ebering_ghost_reflecting_pool, serial_shops,
          nicolae_shop_rolled_up
D:5:      minmay_goblin_kobold_castle, layout_rooms, corexii_corridor_pit

Skill      XL: |  1  2  3  4  5  6 |
---------------+-------------------+-----
Spellcasting   | 1 2 3 |  3.5
Conjurations   | 1 2 3 |  3.5
Hexes          | 1 2 3 |  3.5
Summonings     | 1 2 3 |  3.5
Necromancy     | 1 2 3 |  3.5
Translocations | 1 2 3 |  3.5
Transmutations | 1 2 3 |  3.5
Fire Magic     | 1 2 3 |  3.5
Ice Magic      | 1 2 3 |  3.5
Air Magic      | 1 2 3 |  3.5
Earth Magic    | 1 2 3 |  3.5
Poison Magic   | 1 2 3 |  3.5
Fighting       | 4 5 |  5.9
Long Blades    | |  1.7
Dodging        | |  2.1
Stealth        | |  4.1

Action                     |  1- 3 |  4- 6 |  7- 9 || total
---------------------------+-------+-------+-------++-------
  Melee: Falchion          |     6 |   142 |   140 ||   288
         Punch             |       |     1 |     1 ||     2
   Cast: Momentum Strike   |       |     1 |     1 ||     2
    Use: Scroll            |       |     3 |     2 ||     5
         Potion            |       |     1 |     2 ||     3
   Stab: Sleeping          |       |     1 |       ||     1
         Distracted        |       |     1 |       ||     1
 Armour: Leather armour    |     4 |   103 |   189 ||   296
  Dodge: Dodged            |     4 |    89 |   142 ||   235

Table legend: (Time is in decaauts)
 A = Elapsed time spent in this place.
 B = Non-inter-level travel time spent in this place.
 C = Inter-level travel time spent in this place.
 D = Time resting spent in this place.
 E = Time spent auto-exploring this place.
 F = Levels seen in this place.
 G = Mean time per level.
                   A        B        C        D        E       F      G
               +--------+--------+--------+--------+--------+-----+--------+
         Total |   2647 |   2647 |      0 |    702 |   1247 |   2 | 1323.5 |
       Dungeon |   2647 |   2647 |      0 |    702 |   1247 |   2 | 1323.5 |
               +--------+--------+--------+--------+--------+-----+--------+

Top non-repeatable levels by time:
     D:5: 2645 daAuts
     D:4: 1 daAuts
